 Dungeon Crawl Stone Soup version 0.27-a0-1147-gb3d8e82157 (webtiles) character file.

Game seed: 4837070611395463289

233 siradein the Ruffian (level 5, -4/42 HPs)
             Began as a Draconian Transmuter on May 11, 2021.
             Slain by Pikel
             ... wielding a +2 whip of electrocution
              (8 damage)
             ... on level 4 of the Dungeon.
             The game lasted 00:08:52 (3926 turns).

siradein the Ruffian (Draconian Transmuter)         Turns: 3926, Time: 00:08:53

Health: -4/42      AC:  5    Str: 12    XL:     5   Next: 74%
Magic:  8/8        EV: 12    Int: 15    God:
Gold:   57         SH:  0    Dex: 11    Spells: 5/8 levels left

rFire    x . .     SeeInvis .     - Unarmed
rCold    + . .     Faith    .   (no shield)
rNeg     . . .     Spirit   .   (armour unavailable)
rPois    .         Reflect  .   (helmet restricted)
rElec    .         Harm     .   (no cloak)
rCorr    .         Rampage  .   (no gloves)
Will     .....                  (no boots)
Stlth    +.........             (no amulet)
HPRegen  0.14/turn              g - ring of ice
MPRegen  0.11/turn              (no ring)

@: no status effects
A: AC +5, unfitting armour, cold-blooded
a: no special abilities


You were on level 4 of the Dungeon.
You visited 1 branch of the dungeon, and saw 4 of its levels.

You collected 57 gold pieces.

Inventory:

Jewellery
 e - an amulet of faith
 g - a ring of ice (left hand)
Scrolls
 a - a scroll of immolation {unknown}
 h - 2 scrolls of identify {unknown}
Potions
 b - a potion of heal wounds {unknown}
 c - 2 potions of brilliance {unknown}
 d - a potion of lignification {unknown}
 f - a potion of flight {unknown}


   Skills:
 + Level 2.6 Fighting
 + Level 2.7 Dodging
 - Level 5.0 Unarmed Combat
 - Level 2.0 Spellcasting
 + Level 3.0 Transmutations


You had 5 spell levels left.
You knew the following spells:

 Your Spells              Type           Power      Damage    Failure   Level
a - Beastly Appendage     Tmut           20%        N/A       6%          1
b - Wereblood             Tmut           10%        N/A       10%         2

Your spell library contained the following spells:

 Spells                   Type           Power      Damage    Failure   Level
 Spider Form              Tmut/Pois      3%         N/A       34%         3
 Ice Form                 Ice/Tmut       9%         N/A       75%         4
 Hydra Form               Tmut           5%         N/A       87%         5


Dungeon Overview and Level Annotations

Branches:
Dungeon (4/15)
 Temple: D:4-7

Altars:

Annotations:
D:3 Grinder
D:4 Pikel


Innate Abilities, Weirdness & Mutations

Your plain brown scales are hard. (AC +5)
You cannot fit into any form of body armour.
You are cold-blooded and may be slowed by cold attacks.


Message History

Your transformation is almost over.
Pikel the Slaver comes into view.
He is wielding a +2 whip of electrocution.
You barely miss Pikel.
Pikel shouts!
Your kick misses Pikel.
You hear a shout! x2
Pikel closely misses you.
You closely miss Pikel. You headbutt Pikel, but do no damage.
Pikel closely misses you.
You barely miss Pikel. Pikel barely misses you.
You barely miss Pikel. You tail-slap Pikel, but do no damage.
A lemure comes into view.
Pikel hits you with a +2 whip of electrocution!
You are too injured to fight recklessly!
You are too injured to fight recklessly!
You are too injured to fight recklessly!
You hit Pikel.
Pikel is lightly wounded.
Pikel hits you with a +2 whip of electrocution.
You hit Pikel. Your kick misses Pikel.
Pikel is moderately wounded.
A lemure comes into view.
Pikel closely misses you.
You closely miss Pikel. Your kick misses Pikel. Your headbutt misses Pikel.
You tail-slap Pikel, but do no damage.
Pikel is moderately wounded.
Pikel hits you but does no damage.
You hit Pikel. You claw Pikel! You punch Pikel.
Pikel is severely wounded.
A lemure comes into view.
You hit Pikel.
Pikel is almost dead.
Pikel hits you with a +2 whip of electrocution.
You are electrocuted!
* * * LOW HITPOINT WARNING * * *
You hit Pikel but do no damage.
Your tail-slap misses Pikel.
Pikel is almost dead.
Your horns disappear.
Your talons disappear.
Pikel hits you with a +2 whip of electrocution!
You die...

#..# #..# .##
###... ..
..... ..
#...# .#
#...# .#
#..†##.##
#..@#...###.#
#...K5#......
#.###5(.# ##
#####


You could see Pikel and 2 lemures.

Vanquished Creatures
  A water moccasin zombie (D:3)
  A howler monkey (D:4)
  A hound (D:4)
  A jelly (D:3)
  3 adders
  2 dart slugs (D:2)
  2 bats
  3 endoplasms
  4 giant cockroaches
  4 goblins
  6 hobgoblins
  4 jackals (D:2)
  A quokka (D:3)
  4 ball pythons
  A frilled lizard (D:1)
  9 kobolds
  6 rats
53 creatures vanquished.

Vanquished Creatures (others)
  6 plants (D:4)
6 creatures vanquished.

Grand Total: 59 creatures vanquished

Notes
Turn   | Place    | Note
-------+----------+-------------------------------------------
     0 | D:1      | siradein the Draconian Transmuter began the quest for the
                  | Orb.
     0 | D:1      | Reached XP level 1. HP: 16/16 MP: 3/3
   392 | D:1      | Reached XP level 2. HP: 23/23 MP: 1/5
   737 | D:1      | Found a faded altar of an unknown god.
   826 | D:1      | Reached skill level 4 in Unarmed Combat
  1274 | D:2      | Reached XP level 3. HP: 24/28 MP: 4/6
  2769 | D:3      | Reached skill level 5 in Unarmed Combat
  2769 | D:3      | Reached XP level 4. HP: 35/35 MP: 4/7
  3118 | D:3      | Reached XP level 5. HP: 28/41 MP: 8/8
  3388 | D:3      | Learned a level 2 spell: Wereblood
  3405 | D:3      | Noticed Grinder
  3916 | D:4      | Noticed Pikel
  3920 | D:4      | Noticed a lemure
  3922 | D:4      | Noticed a lemure
  3924 | D:4      | Noticed a lemure
  3926 | D:4      | Slain by Pikel

Illustrated notes

Levels and vault maps discovered:
D:1:      tarquinn_simple_flora_water_d, layout_basic, basic_ecumenical_altar,
          chequers_serial_rivers_small_3
D:2:      layout_loops_corners, grunt_ministairs_6
D:3:      layout_basic, lemuel_doored_altar, uniq_grinder, uniq_natasha
D:4:      layout_loops_ring, tgw_kikubaaqudgha, chequers_big_river,
          st_stairs_11, uniq_sigmund, uniq_pikel

Skill      XL: |  1  2  3  4  5 |
---------------+----------------+-----
Unarmed Combat | 4 5 |  5.0
Dodging        | 2 |  2.7
Fighting       | 2 |  2.6
Transmutations | 3 |  3.0
Spellcasting   | |  2.0

Action                   |  1- 3 |  4- 6 || total
-------------------------+-------+-------++-------
Melee: Unarmed           |   118 |    78 ||   196
       Kick              |    17 |    15 ||    32
       Headbutt          |    10 |     7 ||    17
       Tailslap          |     8 |     7 ||    15
       Punch             |       |     4 ||     4
 Cast: Beastly Appendage |    34 |     9 ||    43
Armor: Skin              |    28 |    24 ||    52
Dodge: Dodged            |    49 |    45 ||    94

Table legend: (Time is in decaauts)
 A = Elapsed time spent in this place.
 B = Non-inter-level travel time spent in this place.
 C = Inter-level travel time spent in this place.
 D = Time resting spent in this place.
 E = Time spent auto-exploring this place.
 F = Levels seen in this place.
 G = Mean time per level.
                   A        B        C        D        E       F      G
               +--------+--------+--------+--------+--------+-----+--------+
         Total |   3915 |   3831 |     84 |    383 |   2911 |   4 |  978.8 |
       Dungeon |   3915 |   3831 |     84 |    383 |   2911 |   4 |  978.8 |
               +--------+--------+--------+--------+--------+-----+--------+

Top non-repeatable levels by time:
     D:2: 1400 daAuts
     D:1: 1262 daAuts
     D:3: 1040 daAuts
     D:4: 211 daAuts
